 Dungeon Crawl Stone Soup version 0.26.1-11-gd32895ea62 (webtiles) character file.

Game seed: 198482705384014173

6910 raph the Geomancer (level 10, -3/56 HPs)
             Began as a Deep Elf Earth Elementalist on Apr 18, 2021.
             Was a Priest of Kikubaaqudgha.
             Slain by a seven-headed hydra (7 damage)
             ... on level 1 of the Lair of Beasts.
             The game lasted 00:35:19 (17829 turns).

raph the Geomancer (Deep Elf Earth Elementalist)   Turns: 17829, Time: 00:35:20

Health: -3/56      AC: 11    Str:  6    XL:     10   Next: 79%
Magic:  22/22      EV: 16    Int: 23    God:    Kikubaaqudgha [***...]
Gold:   619        SH:  0    Dex: 15    Spells: 1/23 levels left

rFire    . . .     SeeInvis .   b - +1 longbow
rCold    . . .     Faith    .   (shield currently unavailable)
rNeg     . . .     Spirit   .   n - +1 steam dragon scales
rPois    .         Reflect  .   i - +0 helmet
rElec    .         Harm     .   A - +0 cloak
rCorr    .         Rampage  .   l - +1 pair of gloves
Will     +....                  k - +0 pair of boots
Stlth    +++.......             (no amulet)
HPRegen  0.18/turn              f - ring of flight
MPRegen  0.18/turn              (no ring)

@: about to teleport, invisible
A: no striking features
a: Renounce Religion, Evoke Flight, Receive Corpses


You were on level 1 of the Lair of Beasts.
You worshipped Kikubaaqudgha.
Kikubaaqudgha was most pleased with you.
You visited 2 branches of the dungeon, and saw 11 of its levels.

You collected 619 gold pieces.

Inventory:

Hand Weapons
 a - a +0 quarterstaff
 b - a +1 longbow (weapon)
 G - a +0 short sword
 J - a +0 shortbow
 K - a +2 short sword of holy wrath
Missiles
 x - 259 stones
 y - 265 arrows (quivered ammo)
Armour
 c - a +0 robe
 i - a +0 helmet (worn)
 k - a +0 pair of boots (worn)
 l - a +1 pair of gloves (worn)
 n - +1 steam dragon scales (worn)
 q - a +0 leather armour of willpower
 s - a scarf of repulsion
 v - a +1 hat
 A - a +0 cloak (worn)
 H - a +3 leather armour of poison resistance
Jewellery
 f - a ring of flight (left hand)
 N - an uncursed amulet of regeneration
Wands
 h - a wand of flame (12)
 B - a wand of polymorph (11)
 D - a wand of acid (8)
 E - a wand of paralysis (7)
 I - a wand of digging (8)
Scrolls
 d - 2 scrolls of remove curse
 e - 9 scrolls of teleportation
 j - 4 scrolls of magic mapping
 t - 3 scrolls of amnesia
 M - a scroll of fog
 O - 2 scrolls of identify
Potions
 g - 3 potions of flight
 o - 4 potions of attraction
 r - 2 potions of resistance
 u - a potion of might
 w - 3 potions of haste
 z - 2 potions of curing
 C - 2 potions of lignification
 F - a potion of berserk rage {unknown}
 L - a potion of brilliance {unknown}
Miscellaneous
 P - a lightning rod (3/4)


   Skills:
 + Level 4.0 Fighting
 * Level 6.2 Bows
 + Level 0.1 Armour
 + Level 6.7 Dodging
 - Level 6.6 Stealth
 + Level 7.2 Spellcasting
 - Level 2.6 Conjurations
 + Level 7.9 Necromancy
 - Level 1.1 Transmutations
 + Level 11.2 Earth Magic


You had one spell level left.
You knew the following spells:

 Your Spells              Type           Power        Failure   Level
a - Sandblast             Erth           100%         1%          1
b - Passwall              Tmut/Erth      30%          1%          2
c - Stone Arrow           Conj/Erth      80%          1%          3
d - Lee's Rapid Deconstr  Erth           28%          1%          5
e - Pain                  Necr           100%         1%          1
f - Vampiric Draining     Necr           22%          1%          3
g - Borgnjor's Vile Clut  Necr/Erth      25%          4%          5
h - Sublimation of Blood  Necr           22%          1%          2

Your spell library contained the following spells:

 Spells                   Type           Power        Failure   Level
 Corpse Rot               Necr/Air       N/A          2%          2
 Dispel Undead            Necr           45%          2%          4
 Petrify                  Tmut/Erth      36%          6%          4
 Excruciating Wounds      Necr           22%          8%          5
 Death Channel            Necr           22%          41%         6
 Simulacrum               Ice/Necr       13%          92%         6


Dungeon Overview and Level Annotations

Branches:
Dungeon (10/15)            Temple (0/1) D:5            Lair (1/6) D:10
    Orc (0/2) D:9

Altars:
Ashenzari
Cheibriados
Dithmenos
Elyvilon
Kikubaaqudgha
Okawaru
Ru
Sif Muna
Trog
Uskayaw

Shops:
D:8 (   D:9 (*

Annotations:
D:10 2 transporters


Message History

The seven-headed hydra barely misses you.
The seven-headed hydra completely misses you.
The seven-headed hydra bites you.
The seven-headed hydra barely misses you.
The seven-headed hydra bites you!
The seven-headed hydra bites you but does no damage.
Okay, then.
You feel much better.
The seven-headed hydra bites you but does no damage.
The seven-headed hydra bites you! x2; The seven-headed hydra bites you.
* * * LOW HITPOINT WARNING * * *
The seven-headed hydra closely misses you.
The seven-headed hydra bites you!
* * * LOW HITPOINT WARNING * * *
The seven-headed hydra bites you but does no damage.
You fade into invisibility!
The seven-headed hydra barely misses you.
The seven-headed hydra bites you!
You die...
Kikubaaqudgha rasps: "You have failed me!
Welcome... death!"

##........#
#.........
#........#
#........#
#.......
#..... #..D#
#@# ###
...........
............
.............


You could see a seven-headed hydra.

Vanquished Creatures
  A centaur warrior (D:7)
  A gargoyle (D:10)
  A troll (D:7)
  A slime creature (D:7)
  Sigmund (D:2)
  A yak (D:7)
  2 wyverns
  A steam dragon (D:7)
  Duvessa (D:7)
  2 ice beasts
  A phantom (D:7)
  3 orc warriors
  3 sky beasts
  4 centaurs
  4 ogres
  The ghost of TotesWizzard the Insei, an amateur DsTm (D:4)
  2 big kobolds
  11 bullfrogs
  Dowan (D:7)
  A scorpion (D:7)
  9 killer bees
  2 howler monkeys
  A wight (D:7)
  An electric eel (D:6)
  2 quasits
  A hound (D:10)
  2 jellies (D:10)
  4 orc priests
  5 bullfrog skeletons
  A centaur skeleton (D:7)
  A gnoll shaman (D:7)
  6 iguanas
  10 orc wizards
  Terence (D:3)
  12 worker ants
  A killer bee zombie (D:9)
  2 hound skeletons (D:7)
  4 gnolls
  16 adders
  2 shadow imps
  4 white imps
  An ufetubus (D:9)
  2 oozes
  2 adder skeletons
  3 worms (D:2)
  4 dart slugs
  12 leopard geckos
  45 orcs
  9 bats
  6 giant cockroaches
  8 goblins (D:1)
  6 hobgoblins
  10 jackals
  3 quokkas
  3 frilled lizards
  A giant cockroach zombie (D:6)
  21 kobolds
  2 leopard gecko skeletons
  A quokka skeleton (D:4)
  A quokka zombie (D:7)
  13 rats
283 creatures vanquished.

Vanquished Creatures (others)
  24 plants
24 creatures vanquished.

Grand Total: 307 creatures vanquished

Notes
Turn   | Place    | Note
-------+----------+-------------------------------------------
     0 | D:1      | raph the Deep Elf Earth Elementalist began the quest for
                  | the Orb.
     0 | D:1      | Reached XP level 1. HP: 10/10 MP: 6/6
    73 | D:1      | Reached XP level 2. HP: 12/15 MP: 6/8
   720 | D:1      | Reached XP level 3. HP: 16/19 MP: 9/9
  1064 | D:1      | Reached skill level 4 in Earth Magic
  1704 | D:2      | Learned a level 2 spell: Passwall
  1708 | D:2      | Learned a level 3 spell: Stone Arrow
  2461 | D:2      | Reached XP level 4. HP: 24/24 MP: 8/11
  2638 | D:2      | Reached skill level 1 in Conjurations
  2933 | D:2      | Reached skill level 5 in Earth Magic
  3059 | D:2      | Noticed Sigmund
  3333 | D:3      | Reached XP level 5. HP: 28/28 MP: 12/12
  3362 | D:3      | Learned a level 5 spell: Lee's Rapid Deconstruction
  3464 | D:3      | Found a faded altar of an unknown god.
  3954 | D:3      | Noticed Terence
  3974 | D:3      | Killed Terence
  4348 | D:4      | Found a runed translucent door.
  4348 | D:4      | Noticed TotesWizzard's ghost (amateur DsTm)
  4374 | D:4      | Noticed an ogre
  4381 | D:4      | Killed an ogre
  4473 | D:4      | Found an ancient bone altar of Kikubaaqudgha.
  4476 | D:4      | Became a worshipper of Kikubaaqudgha
  4494 | D:4      | Reached skill level 6 in Earth Magic
  4616 | D:4      | Reached XP level 6. HP: 32/32 MP: 9/13
  4619 | D:4      | Reached skill level 1 in Necromancy
  5576 | D:5      | Entered Level 5 of the Dungeon
  5589 | D:5      | Found a sacrificial altar of Ru.
  5589 | D:5      | Noticed a wyvern
  5593 | D:5      | Killed a wyvern
  5594 | D:5      | Reached skill level 7 in Earth Magic
  5594 | D:5      | Reached XP level 7. HP: 36/36 MP: 7/14
  5670 | D:5      | Reached * piety under Kikubaaqudgha
  5670 | D:5      | Identified Kikubaaqudgha's Disquisition on Sinister Arts
                  | (Kikubaaqudgha gifted it to you on level 5 of the Dungeon)
  5670 | D:5      | Received a gift from Kikubaaqudgha
  5674 | D:5      | Learned a level 1 spell: Pain
  5945 | D:5      | Found a broken altar of Ashenzari.
  5968 | D:5      | Found a staircase to the Ecumenical Temple.
  5994 | D:5      | Found a shimmering blue altar of Sif Muna.
  6355 | D:5      | Found a snail-covered altar of Cheibriados.
  6407 | D:5      | Found a bloodstained altar of Trog.
  6853 | D:6      | Reached skill level 1 in Fighting
  7012 | D:6      | Reached skill level 8 in Earth Magic
  7451 | D:6      | Reached XP level 8. HP: 35/43 MP: 9/16
  7582 | D:6      | Learned a level 3 spell: Vampiric Draining
  8350 | D:7      | Reached skill level 5 in Necromancy
  8350 | D:7      | Reached skill level 9 in Earth Magic
  8888 | D:7      | Noticed Dowan
  9051 | D:7      | Noticed a troll
  9422 | D:7      | Reached skill level 1 in Bows
  9426 | D:7      | Reached skill level 10 in Earth Magic
  9577 | D:7      | Reached XP level 9. HP: 48/48 MP: 4/17
  9963 | D:7      | Noticed a centaur warrior
  9974 | D:7      | Killed a centaur warrior
  9975 | D:7      | Reached skill level 5 in Spellcasting
 10547 | D:7      | Noticed a death knight
 10557 | D:7      | Reached skill level 5 in Dodging
 10834 | D:2      | Killed Sigmund
 11015 | D:2      | Found a white marble altar of Elyvilon.
 11538 | D:4      | Killed TotesWizzard's ghost
 11926 | D:7      | Reached skill level 5 in Stealth
 12112 | D:7      | Noticed Duvessa
 12115 | D:7      | Killed Duvessa
 12351 | D:7      | Killed Dowan
 12406 | D:7      | Killed a troll
 12456 | D:7      | Reached XP level 10. HP: 56/56 MP: 9/20
 12641 | D:7      | Found a faded altar of an unknown god.
 12641 | D:7      | Found a sacrificial altar of Ru.
 12649 | D:7      | Found an iron altar of Okawaru.
 12651 | D:7      | Found a hide-covered altar of Uskayaw.
 12653 | D:7      | Found a shadowy altar of Dithmenos.
 12757 | D:7      | Reached ** piety under Kikubaaqudgha
 13801 | D:8      | Found Ygaasoco's Weapon Shoppe.
 14808 | D:9      | Found Nunwerch's Antique Weapon Shop.
 14860 | D:9      | Reached *** piety under Kikubaaqudgha
 14860 | D:9      | Identified Kikubaaqudgha's Compendium of Black Rites
                  | (Kikubaaqudgha gifted it to you on level 9 of the Dungeon)
 14860 | D:9      | Received a gift from Kikubaaqudgha
 14878 | D:9      | Reached skill level 5 in Bows
 15087 | D:9      | Reached skill level 11 in Earth Magic
 15325 | D:8      | Learned a level 5 spell: Borgnjor's Vile Clutch
 15593 | D:9      | Got a clouded tin ring
 15594 | D:9      | Identified the cursed ring "Zausoj" {rElec rC- Will+ Str-4
                  | Stlth+} (You found it on level 9 of the Dungeon)
 15761 | D:9      | Found Poyti's Armour Shop.
 15761 | D:9      | Found a staircase to the Orcish Mines.
 16191 | D:9      | Found Ladghopu's Mass Market.
 16280 | D:10     | Entered Level 10 of the Dungeon
 16561 | D:10     | Found a transporter.
 16565 | D:10     | Noticed a boulder beetle
 16566 | D:10     | Found a transporter.
 16725 | D:10     | Noticed a gargoyle
 16727 | D:10     | Killed a gargoyle
 16789 | D:10     | Learned a level 2 spell: Sublimation of Blood
 16921 | D:10     | Found a staircase to the Lair.
 17823 | Lair:1   | Entered Level 1 of the Lair of Beasts
 17826 | Lair:1   | Noticed a seven-headed hydra
 17829 | Lair:1   | Slain by a seven-headed hydra

Illustrated notes

Levels and vault maps discovered:
D:1:      dpeg_arrival_tiny_c, layout_basic, st_stairs_9, minmay_pentomino_x4
D:2:      layout_basic, elyvilon_altar_3, uniq_sigmund
D:3:      layout_loops_ring, chequers_ecumenical_altar_simple_redux,
          st_stairs_6, uniq_terence
D:4:      layout_gridville, kennysheep_mini_moat, gammafunk_ghost_grave,
          saegor_snake_ambush
D:5:      layout_rooms, minmay_temple_entry_drinking_statues,
          hangedman_feature_mirror, hangedman_feature_mirror, trog_book
D:6:      layout_gridville, serial_bayou, serial_bayou_pond_e,
          serial_bayou_pond_a, serial_bayou_shore_b, serial_bayou_lake_a,
          serial_bayou_pond_a
D:7:      nzn_winding_woodlands_stair_cross [nzn_winding_woodlands_5x15_pockets,
          nzn_winding_woodlands_center_pierced_h,
          nzn_winding_woodlands_5x15_concentric,
          nzn_winding_woodlands_hourglass, nzn_winding_woodlands_5x5_cross,
          nzn_winding_woodlands_5x15_split_checker,
          nzn_winding_woodlands_center_lodge,
          nzn_winding_woodlands_5x15_zeroes], layout_loops_corners,
          chequers_temple_overflow_minitemple, grunt_tough_drop, uniq_duvessa
D:8:      layout_cave_pods, serial_shops, shop
D:9:      layout_basic, orc_david_3, serial_shops,
          nicolae_shop_overgrown_old_shop, minmay_shop_mass
D:10:     gammafunk_boulding_lane, layout_irregular_city, lair_entry_dummy,
          minivault_21, roderic_lattice_a
Lair:1:   layout_cave_pods, grunt_megastairs_1, minmay_lair_oklob_chamber,
          infiniplex_staircase_pool_2

Skill      XL: |  1  2  3  4  5  6  7  8  9 10 |
---------------+-------------------------------+-----
Stealth        | 3 5 6 |  6.6
Dodging        | 3 4 5 6 |  6.7
Earth Magic    | 4 5 6 7 8 10 11 | 11.2
Conjurations   | 1 2 |  2.6
Necromancy     | 3 4 6 7 |  7.9
Fighting       | 1 3 4 |  4.0
Spellcasting   | 4 5 7 |  7.2
Bows           | 1 4 6 |  6.2
Armour         | |  0.1
Transmutations | |  1.1

Action                   |  1- 3 |  4- 6 |  7- 9 | 10-12 || total
-------------------------+-------+-------+-------+-------++-------
Melee: Short sword       |   123 |    89 |     6 |     3 ||   221
 Fire: Shortbow          |       |       |    93 |    37 ||   130
       Longbow           |       |       |       |   129 ||   129
 Cast: Sandblast         |    41 |    49 |    34 |    11 ||   135
       Stone Arrow       |       |    18 |    52 |    22 ||    92
       Passwall          |       |     1 |       |       ||     1
       Lee's Rapid Decon |       |       |    38 |    39 ||    77
       Pain              |       |       |     1 |     3 ||     4
       Borgnjor's Vile C |       |       |       |     8 ||     8
       Vampiric Draining |       |       |       |     1 ||     1
Evoke: Lightning rod     |       |       |       |     1 ||     1
  Use: Scroll            |       |     8 |    11 |     8 ||    27
       Potion            |       |       |       |     2 ||     2
 Stab: Sleeping          |       |     3 |       |     1 ||     4
Armor: Robe              |    45 |    25 |     4 |       ||    74
       Leather armour    |       |       |     8 |       ||     8
       Steam dragon scal |       |       |    22 |    33 ||    55
Dodge: Dodged            |   127 |    91 |    73 |    65 ||   356
